 Dungeon Crawl Stone Soup version 0.20.1-1-g8b1a95d (webtiles) character file.

138 homeworkjunkie the Chopper (level 5, 0/46 HPs)
             Began as a Hill Orc Fighter on Dec 18, 2017.
             Slain by an orc wizard
             ... wielding a +0 dagger
              (1 damage)
             ... on level 3 of the Dungeon.
             The game lasted 00:03:35 (1673 turns).

homeworkjunkie the Chopper (Hill Orc Fighter)       Turns: 1673, Time: 00:03:36

Health: 0/46       AC:  7    Str: 25      XL:     5   Next: 21%
Magic:  5/5        EV: 10    Int:  8      God:
Gold:   165        SH: 10    Dex:  9 (10) Spells: 4/4 levels left

rFire    . . .     SeeInvis .   a - +0 war axe
rCold    . . .     Gourm    .   c - +0 shield
rNeg     . . .     Faith    .   b - +0 scale mail
rPois    .         Spirit   .   (no helmet)
rElec    .         Reflect  .   (no cloak)
rCorr    .         Harm     .   (no gloves)
MR       .....                  (no boots)
Stlth    ..........             (no amulet)
Regen    0.2/turn               o - +3 ring of evasion
MPRegen  0.1/turn               h - ring of wizardry

@: mighty
A: deterioration 1, wild magic 1, evolution 1
a: Convert to Beogh


You were on level 3 of the Dungeon.
You were not hungry.

You visited 1 branch of the dungeon, and saw 4 of its levels.

You collected 165 gold pieces.

Inventory:

Hand Weapons
 a - a +0 war axe (weapon)
Armour
 b - a +0 scale mail (worn)
 c - a +0 shield (worn)
Jewellery
 h - a ring of wizardry (right hand)
 o - a +3 ring of evasion (left hand)
Scrolls
 g - a scroll of remove curse
 l - 2 scrolls of identify
Potions
 e - 2 potions of lignification
 k - a potion of curing
Comestibles
 f - 4 bread rations
 m - a meat ration


   Skills:
 * Level 4.2 Fighting
 * Level 4.7 Axes
 * Level 4.0 Armour
 + Level 0.2 Dodging
 * Level 4.2 Shields


You had 4 spell levels left.
You didn't know any spells.

Dungeon Overview and Level Annotations

Branches:
Dungeon (4/15)
 Temple: D:4-7

Altars:
Trog


Innate Abilities, Weirdness & Mutations

Your body sometimes deteriorates upon taking damage.
Your spells are a little harder to cast, but a little more powerful.
You evolve.


Message History

A magic dart appears from out of thin air!
The magic dart hits you!
You closely miss something. You block the orc priest's attack.
Something hits you but does no damage.
You see here a morningstar.
You miss something.
Your shield and scale mail prevent you from hitting the orc priest.
You miss something. You block the orc priest's attack. Something hits you.
Something hits you but does no damage.
You closely miss something. You closely miss the orc priest.
Your shield prevents you from hitting something.
The orc priest threatens, "By the altar or by the axe, you will meet Beogh!"
The orc priest invokes the aid of Beogh against you.
Beogh smites you!
* * * LOW HITPOINT WARNING * * *
Your body deteriorates!
You feel clumsy.
You block something's attack. x2; The orc priest hits you.
* * * LOW HITPOINT WARNING * * *
Something hits you.
You die...

#######.##......
#...........####
#.###........... #.#
#.#.##..#### #.#
#.#.....# #.#
#.#####.# #.# #.##
#.# ####.##.#.####.#
#o@....###.....#
#....{#)###.#.######
#.###........##
##########


You could see an orc priest.

Vanquished Creatures
  An orc wizard (D:3)
  A worker ant zombie (D:3)
  3 adders
  An ooze (D:3)
  An adder skeleton (D:3)
  5 worms
  2 orcs (D:3)
  3 bats
  3 giant cockroaches
  6 goblins
  4 hobgoblins
  4 jackals (D:2)
  5 frilled lizards
  6 kobolds
  7 rats
52 creatures vanquished.

Notes
Turn   | Place    | Note
-------+----------+-------------------------------------------
     0 | D:1      | homeworkjunkie the Hill Orc Fighter began the quest for the Orb.
     0 | D:1      | Reached XP level 1. HP: 19/19 MP: 1/1
    99 | D:1      | Reached XP level 2. HP: 25/27 MP: 2/2
   199 | D:3      | Reached XP level 3. HP: 16/33 MP: 3/3
   451 | D:3      | Found a bloodstained altar of Trog.
   572 | D:3      | Reached XP level 4. HP: 26/40 MP: 4/4
   818 | D:1      | Gained mutation: Your spells are a little harder to cast, but a little more powerful. [potion of mutation]
   818 | D:1      | Gained mutation: You evolve. [potion of mutation]
  1280 | D:2      | Gained mutation: Your body sometimes deteriorates upon taking damage. [evolution]
  1495 | D:4      | Noticed an ice beast
  1669 | D:3      | Reached XP level 5. HP: 17/46 MP: 5/5
  1673 | D:3      | HP: 2/46 [orc priest/divine providence (14)]
  1673 | D:3      | Slain by an orc wizard

Skill      XL: |  1  2  3  4 |
---------------+-------------+-----
Shields        | 4 |  4.2
Axes           | 3 4 |  4.7
Fighting       | 4 |  4.2
Armour         | 4 |  4.0
Dodging        | |  0.2

Action                   |  1- 3 |  4- 6 || total
-------------------------+-------+-------++-------
Melee: War axe           |    79 |    96 ||   175
  Use: Potion            |     4 |     4 ||     8
       Scroll            |     1 |     3 ||     4
  Eat: Fruit             |       |     2 ||     2
       Meat ration       |       |     1 ||     1
Armor: Scale mail        |    33 |    27 ||    60
Dodge: Dodged            |    21 |    43 ||    64
Block: Shield            |    42 |    49 ||    91
